 Dungeon Crawl Stone Soup version 0.26-a0-812-g31a745ddcd (webtiles) character file.

Game seed: 7095601532806036798

394 Borgoz the Slasher (level 6, -9/52 HPs)
             Began as a Ghoul Gladiator on Dec 7, 2020.
             Killed by divine providence
             ... invoked by an orc priest
              (14 damage)
             ... on level 4 of the Dungeon.
             The game lasted 00:04:36 (2894 turns).

Borgoz the Slasher (Ghoul Gladiator)                Turns: 2894, Time: 00:04:36

Health: -9/52      AC:  5    Str: 18    XL:     6   Next: 82%
Magic:  5/5        EV: 14    Int:  4    God:
Gold:   249        SH:  0    Dex: 17    Spells: 5/5 levels left

rFire    . . .     SeeInvis .   a - +2 long sword
rCold    + . .     Faith    .   (no shield)
rNeg     + + +     Spirit   .   b - +0 leather armour
rPois    ∞         Reflect  .   c - +0 helmet
rElec    .         Harm     .   (no cloak)
rCorr    .         Rampage  .   (no gloves)
MR       .....                  g - +0 pair of boots
Stlth    +.........             h - amulet of the acrobat
HPRegen  0.00/turn              k - +6 ring of dexterity
MPRegen  0.09/turn              (no ring)

@: no status effects
A: rotting body, claws 1, cold resistance 1, negative energy resistance 3,
inhibited regeneration, torment resistance, unbreathing
a: no special abilities


You were on level 4 of the Dungeon.
You visited 1 branch of the dungeon, and saw 4 of its levels.

You collected 249 gold pieces.

Inventory:

Hand Weapons
 a - a +2 long sword (weapon)
Missiles
 d - 3 throwing nets (quivered)
Armour
 b - a +0 leather armour (worn)
 c - a +0 helmet (worn)
 g - a +0 pair of boots (worn)
Jewellery
 h - an amulet of the acrobat (around neck)
 k - a +6 ring of dexterity (left claw)
 l - an uncursed ring of magical power {unknown}
Scrolls
 f - a scroll of remove curse
 j - 2 scrolls of teleportation {unknown}
 m - a scroll of fear {unknown}
 o - a scroll of noise {unknown}
 p - 2 scrolls of enchant armour
Potions
 e - 4 potions of cancellation
 i - 2 potions of might
 n - a potion of magic
 q - a potion of brilliance {unknown}


   Skills:
 + Level 3.7 Fighting
 * Level 4.4 Long Blades
 - Level 1.7 Throwing
 * Level 3.2 Armour
 + Level 3.6 Dodging


You had 5 spell levels left.
You didn't know any spells.
Your spell library was empty.

Dungeon Overview and Level Annotations

Branches:
Dungeon (4/15)
 Temple: D:4-7

Altars:
Fedhas

Annotations:
D:4 Sigmund


Innate Abilities, Weirdness & Mutations

Your body is rotting away.
You thrive by killing the living.
You are immune to poison.
You have sharp fingernails.
Your flesh is cold resistant. (rC+)
You are immune to negative energy. (rN+++)
You do not regenerate when monsters are visible.
You are immune to unholy pain and torment.
You can survive without breathing.


Message History

Okay, then.
You slash the orc priest!
The orc priest is almost dead.
The orc priest hits you but does no damage.
You closely miss the orc priest.
The orc priest is almost dead.
The orc priest completely misses you.
You closely miss the orc priest.
The orc priest is almost dead.
The orc priest barely misses you.
You barely miss the orc priest.
The orc priest is almost dead.
The orc priest invokes the aid of Beogh against you.
Beogh smites you!
* * * LOW HITPOINT WARNING * * *
You closely miss the orc priest.
The orc priest is almost dead.
The orc priest mumbles some strange prayers to Beogh against you.
Beogh smites you!
You die...

.#####.# #..# ##
#.# ##.# ####
#.# #.# ...###<#
#.## ##.....#
#..## ####..#
##..# # #..##
##.# .# #
#...###
#.####..#
######....#
#...@oo.#
...)....###
#..####.#
...####.# ####
##...##.#
.###....##
..#####..###
#.))###....#
.##.)##.##.#####
####.#.....((..#


You could see an orc priest and an orc.

Vanquished Creatures
  Blork the orc (D:4)
  A bullfrog zombie (D:2)
  Natasha (D:4)
  An iguana (D:4)
  A worker ant (D:4)
  4 gnolls (D:4)
  8 adders
  An ooze (D:2)
  4 worms
  2 dart slugs
  A leopard gecko (D:3)
  7 orcs
  3 giant cockroaches
  8 goblins
  9 hobgoblins
  8 jackals
  7 kobolds
  2 quokkas
  9 bats
  4 frilled lizards
  A jackal skeleton (D:4)
  13 rats
96 creatures vanquished.

Notes
Turn   | Place    | Note
-------+----------+-------------------------------------------
     0 | D:1      | Borgoz the Ghoul Gladiator began the quest for the Orb.
     0 | D:1      | Reached XP level 1. HP: 17/17 MP: 0/0
   297 | D:1      | Reached XP level 2. HP: 25/25 MP: 1/1
   493 | D:1      | Reached skill level 1 in Armour
   669 | D:1      | Reached skill level 3 in Long Blades
   772 | D:2      | Reached XP level 3. HP: 30/30 MP: 2/2
   858 | D:2      | Reached XP level 4. HP: 22/37 MP: 3/3
  1343 | D:2      | Reached XP level 5. HP: 32/45 MP: 4/4
  1740 | D:3      | Found a blossoming altar of Fedhas.
  1985 | D:3      | Found a faded altar of an unknown god.
  2042 | D:4      | Noticed Natasha
  2095 | D:4      | Noticed Sigmund
  2175 | D:4      | Noticed Blork the orc
  2185 | D:4      | Reached skill level 4 in Long Blades
  2193 | D:4      | Killed Blork the orc
  2193 | D:4      | Reached XP level 6. HP: 21/51 MP: 5/5
  2792 | D:4      | Killed Natasha
  2894 | D:4      | Killed from afar by an orc priest

Illustrated notes

Levels and vault maps discovered:
D:1:      shiori_arrival_elements, layout_rooms
D:2:      layout_rooms
D:3:      layout_basic, chequers_ecumenical_altar_grove, chequers_mini_garden,
          fedhas_altar_1
D:4:      layout_rooms, serial_shops, shop, uniq_natasha, uniq_sigmund,
          uniq_blork_the_orc

Skill      XL: |  1  2  3  4  5  6 |
---------------+-------------------+-----
Armour         | 1 2 3 |  3.2
Long Blades    | 3 4 |  4.4
Dodging        | 3 |  3.6
Fighting       | 3 |  3.7
Throwing       | |  1.7

Action                   |  1- 3 |  4- 6 || total
-------------------------+-------+-------++-------
Melee: Long sword        |    88 |   214 ||   302
  Use: Scroll            |     5 |     5 ||    10
       Potion            |       |     2 ||     2
Armor: Leather armour    |    24 |    56 ||    80
Dodge: Dodged            |    67 |   185 ||   252
       Rpst.: Long sword |    14 |    55 ||    69

Table legend: (Time is in decaauts)
 A = Elapsed time spent in this place.
 B = Non-inter-level travel time spent in this place.
 C = Inter-level travel time spent in this place.
 D = Time resting spent in this place.
 E = Time spent auto-exploring this place.
 F = Levels seen in this place.
 G = Mean time per level.
                   A        B        C        D        E       F      G
               +--------+--------+--------+--------+--------+-----+--------+
         Total |   2970 |   2860 |    110 |   1068 |   1090 |   4 |  742.5 |
       Dungeon |   2970 |   2860 |    110 |   1068 |   1090 |   4 |  742.5 |
               +--------+--------+--------+--------+--------+-----+--------+

Top non-repeatable levels by time:
     D:4: 814 daAuts
     D:1: 782 daAuts
     D:2: 770 daAuts
     D:3: 602 daAuts
